Map: Bel'Shir Vestige LE (Void)

Players

MightyKiwi - Winner!

  • Race: Zerg Zerg
  • League: Master
  • Spawn Location: 11:00

Railgan

  • Race: Zerg Zerg
  • League: Grandmaster
  • Spawn Location: 5:00

VOD

Have the link to the VOD?

Description

Time

  • Played on: March 11, 2017, 7:29 p.m.
  • Length: 14:52
Show
View Real Time Build Order
Export as new Build Order

MightyKiwi Zerg - Winner!

Build Orders: Pool First 

Get SALT Encoding   

  12  0:01  Drone  
  13  0:09  Extractor  
  12  0:24  Spawning Pool  
  11  0:31  Drone  
  12  0:36  Drone  
  12  0:39  Drone  
  14  0:51  Overlord  
  14  1:14  Metabolic Boost  
  14  1:15  Zergling x4  
  14  1:16  Zergling x2  
  17  1:26  Zergling x2  
  18  1:33  Baneling Nest  
  18  1:37  Zergling x2  
  18  1:48  Zergling x2  
  18  1:52  Queen  
  21  1:59  Overlord  
  21  2:10  Zergling x2  
  22  2:20  Zergling x2  
  23  2:24  Baneling x2  
  23  2:42  Zergling x4  
  22  2:48  Baneling x2  
  21  2:54  Zergling x2  
  22  3:11  Zergling x8  
  25  3:20  Hatchery  
  25  3:24  Drone  
  25  3:41  Overlord  
  25  3:43  Drone  
  25  3:44  Drone x2  
  28  4:01  Drone x2  
  28  4:10  Roach Warren  
  28  4:12  Drone x2  
  29  4:21  Drone x2  
  27  4:41  Drone  
  27  4:42  Drone x5  
  32  4:47  Queen  
  32  4:50  Roach  
  36  4:58  Roach  
  36  5:00  Evolution Chamber  
  36  5:02  Roach  
  36  5:06  Overlord  
  37  5:13  Roach, Zergling x2  
  37  5:14  Zergling x2  
  41  5:16  Baneling, Ravager  
  41  5:22  Drone x2  
  41  5:24  Baneling  
  41  5:25  Baneling  
  41  5:27  Overlord  
  43  5:30  Zerg Missile Weapons Level 1  
  43  5:32  Roach  
  47  5:35  Roach  
  47  5:39  Drone  
  47  5:41  Drone  
  49  5:46  Drone  
  50  5:51  Drone x4  
  54  5:58  Extractor  
  52  6:07  Overlord  
  52  6:12  Lair  
  52  6:14  Drone x4  
  52  6:16  Overlord  
  56  6:25  Hatchery  
  55  6:31  Drone x3  
  55  6:32  Extractor  
  57  6:38  Roach x2  
  57  6:39  Roach  
  63  6:44  Zergling x6  
  66  6:47  Overlord  
  66  6:54  Drone  
  66  6:55  Drone  
  66  7:00  Overlord  
  68  7:03  Roach x2  
  72  7:08  Overlord  
  72  7:09  Glial Reconstitution  
  72  7:15  Roach x3  
  76  7:23  Spore Crawler  
  76  7:26  Spore Crawler  
  76  7:27  Spore Crawler  
  72  7:32  Queen  
  72  7:35  Drone  
  72  7:36  Hydralisk Den, Queen  
  65  8:06  Hydralisk x6  
  65  8:07  Hydralisk  
  77  8:14  Queen  
  77  8:15  Queen  
  77  8:18  Hydralisk x2  
  78  8:25  Drone x3  
  79  8:38  Hydralisk x3  
  85  8:46  Drone x3  
  85  8:47  Drone  
  89  8:50  Extractor  
  88  8:58  Queen  
  88  9:02  Overlord x2  
  90  9:04  Queen  
  90  9:20  Nydus Network  
  90  9:21  Hydralisk x2  
  90  9:22  Hydralisk  
  90  9:24  Overlord x2  
  95  9:29  Overseer  
  95  9:35  Queen  
  97  9:40  Queen  
  99  9:48  Hydralisk  
  99  9:49  Hydralisk x2  
  105  10:01  Nydus Canal  
  105  10:10  Hydralisk x4  
  107  10:29  Hydralisk x3  
  107  10:30  Hydralisk x2  
  116  10:38  Hydralisk  
  112  11:03  Hydralisk x6  
  96  11:20  Overseer  
  96  11:27  Queen x2  
  96  11:28  Overlord x2  
  100  11:36  Hatchery  
  79  12:17  Nydus Canal  
  79  12:18  Pneumatized Carapace  
  79  12:28  Lurker Den  
  75  12:30  Hydralisk  
  75  12:31  Hydralisk x8  
  93  12:48  Nydus Canal  
  93  13:01  Overlord x2  
  81  13:12  Overseer  
  81  13:17  Hydralisk  
  81  13:18  Hydralisk x8  
  87  13:31  Queen x2  
  65  14:03  Hydralisk x7  
  75  14:20  Lurker  
  75  14:21  Lurker x2  
  78  14:37  Extractor  
Show
View Real Time Build Order
Export as new Build Order

Railgan Zerg 

Build Orders: Hatch First 

Get SALT Encoding   

  12  0:02  Drone  
  13  0:12  Overlord  
  13  0:17  Drone  
  14  0:30  Drone  
  14  0:31  Drone  
  14  0:34  Drone  
  17  0:45  Drone  
  18  0:55  Hatchery  
  17  0:57  Drone  
  17  1:00  Extractor  
  17  1:13  Spawning Pool  
  17  1:17  Drone  
  17  1:20  Drone  
  18  1:28  Drone  
  19  1:38  Overlord  
  19  2:00  Queen  
  19  2:01  Zergling x4  
  23  2:05  Spine Crawler  
  23  2:07  Spine Crawler  
  21  2:10  Baneling Nest, Zergling x2  
  21  2:16  Zergling x2  
  22  2:24  Zergling x4  
  24  2:37  Zergling x2  
  23  2:44  Queen  
  23  2:53  Baneling x4  
  23  2:54  Zergling x2  
  23  2:58  Drone x2  
  25  3:06  Drone  
  26  3:16  Overlord  
  26  3:17  Drone  
  27  3:26  Extractor, Drone x2  
  28  3:27  Metabolic Boost  
  28  3:31  Zergling x4  
  30  3:39  Drone  
  31  3:44  Overlord  
  30  4:01  Drone x2  
  30  4:03  Lair  
  30  4:04  Zergling x4  
  32  4:17  Drone  
  33  4:25  Drone  
  30  4:42  Zergling x2  
  30  4:43  Zergling x4  
  30  4:44  Hatchery  
  32  4:48  Zergling x2  
  33  5:06  Spire  
  33  5:07  Queen  
  32  5:11  Baneling x2  
  34  5:19  Baneling  
  34  5:22  Drone x2  
  34  5:23  Drone, Overlord  
  37  5:29  Zergling x4  
  38  5:54  Drone  
  38  5:55  Drone  
  40  6:10  Drone x5  
  45  6:32  Mutalisk x5  
  49  6:35  Drone  
  49  6:38  Extractor  
  49  6:39  Extractor  
  54  6:47  Zerg Flyer Weapons Level 1  
  54  6:51  Hatchery  
  54  6:52  Drone  
  54  6:53  Drone  
  55  7:03  Drone x2  
  55  7:04  Overlord  
  55  7:05  Drone x2  
  59  7:12  Overlord  
  59  7:16  Drone  
  60  7:25  Mutalisk x2  
  64  7:33  Mutalisk  
  64  7:35  Zergling x2  
  67  7:37  Zergling x2  
  67  7:40  Zergling x2  
  67  7:41  Zergling x2  
  69  7:44  Mutalisk  
  69  7:46  Zergling x2  
  69  7:47  Zergling x6  
  75  7:53  Overlord  
  75  8:03  Overlord x2  
  75  8:11  Overlord  
  75  8:15  Drone x3  
  76  8:23  Hydralisk Den  
  72  8:27  Drone x4  
  72  8:28  Queen  
  72  8:29  Drone x2  
  78  8:37  Drone  
  78  8:38  Drone x2  
  81  8:42  Overlord  
  81  8:43  Zerg Flyer Weapons Level 2  
  81  8:46  Zergling x4  
  83  8:49  Extractor  
  83  8:51  Extractor  
  83  8:52  Drone x4  
  85  8:55  Lurker Den  
  85  9:06  Zergling x8  
  87  9:12  Drone x3  
  87  9:14  Drone x2  
  92  9:17  Overlord  
  92  9:31  Hydralisk x2, Hatchery  
  92  9:32  Zergling x2  
  92  9:34  Evolution Chamber  
  95  9:40  Hydralisk x3  
  101  9:52  Overlord  
  101  10:08  Hydralisk  
  101  10:09  Hydralisk x4  
  101  10:13  Hydralisk x5  
  121  10:19  Hydralisk x2  
  121  10:28  Lurker x2  
  110  10:32  Zergling x2  
  110  10:33  Hydralisk Den  
  109  10:38  Zergling x2  
  109  10:39  Zergling x8  
  107  10:44  Zergling x8  
  107  10:45  Hydralisk Den  
  93  11:07  Hydralisk  
  93  11:08  Hydralisk x8  
  93  11:10  Zergling x2  
  101  11:28  Spawning Pool  
  80  11:42  Hydralisk  
  80  11:43  Hydralisk x5  
  90  11:49  Hydralisk  
  90  11:56  Hydralisk  
  90  11:57  Hydralisk x5  
  96  12:11  Hydralisk x3  
  88  12:33  Lair  
  88  12:34  Muscular Augments  
  86  12:56  Hydralisk x5  
  86  12:58  Overlord x3  
  78  13:14  Hydralisk, Zergling x2  
  78  13:15  Hydralisk x3  
  80  13:24  Zergling x2  
  80  13:27  Zergling x2  
  83  13:32  Hatchery  
  81  13:34  Zergling x2  
  81  13:40  Zergling x2, Queen  
  75  13:48  Hydralisk  
  75  13:59  Spawning Pool  
  64  14:07  Hatchery  
  63  14:12  Hydralisk x2  
  66  14:22  Hydralisk  
  72  14:48  Extractor  
  72  14:50  Extractor  
Tags
 
Add a new tag
Caveats
  • Supply blocks, unpowered buildings, or Contaminate may cause inaccurate times.
  • Supply counts are checked every 10 seconds.